 Dungeon Crawl Stone Soup version 0.28-a0-732-g75e6d9beac (webtiles) character file.

Game seed: 5613494905023005553

163 Ijustatesigmund the Covert (level 5, -2/47 HPs)
             Began as a Gnoll Delver on Oct 29, 2021.
             Succumbed to an orc wizard's poison
             ... on level 3 of the Dungeon.
             The game lasted 00:04:44 (2796 turns).

Ijustatesigmund the Covert (Gnoll Delver)           Turns: 2796, Time: 00:04:44

Health: -2/47      AC:  8    Str: 11 (12) XL:     5   Next: 44%
Magic:  7/7        EV:  5    Int:  8 (10) God:
Gold:   107        SH:  0    Dex: 10 (13) Spells: 7/7 levels left

rFire   . . .      SeeInvis .   a - +1 war axe
rCold   . . .      Faith    .   e - +0 buckler
rNeg    . . .      Spirit   .   b - +0 chain mail
rPois   .          Reflect  .   (no helmet)
rElec   .          Harm     .   (no cloak)
rCorr   .          Rampage  .   (no gloves)
Will    .....                   (no boots)
Stlth   ..........              (no amulet)
HPRegen 0.15/turn               (no ring)
MPRegen 0.10/turn               (no ring)

@: confused, lethally poisoned (-2 -> -27)
A: fangs 1, strong nose, distributed training
a: no special abilities


You were on level 3 of the Dungeon.
You visited 1 branch of the dungeon, and saw 5 of its levels.

You collected 107 gold pieces.

Inventory:

Hand Weapons
 a - a +1 war axe (weapon)
 f - a +0 morningstar
 l - a +3 vorpal hunting sling
Missiles
 m - 17 sling bullets
Armour
 b - a +0 chain mail (worn)
 e - a +0 buckler (worn)
Wands
 g - a wand of digging (3)
 h - a wand of iceblast (24)
 i - a wand of polymorph (3)
Scrolls
 d - 3 scrolls of magic mapping
 p - 2 scrolls of identify
Potions
 c - a potion of mutation {unknown}
 n - a potion of flight {unknown}
 o - a potion of attraction {unknown}


   Skills:
 + Level 6.7 Fighting
 + Level 1.5 Short Blades
 + Level 1.5 Long Blades
 + Level 4.8 Axes
 + Level 1.5 Maces & Flails
 + Level 1.5 Polearms
 + Level 1.5 Staves
 + Level 1.5 Slings
 + Level 1.5 Bows
 + Level 1.5 Crossbows
 + Level 1.5 Throwing
 + Level 1.5 Armour
 + Level 4.8 Dodging
 + Level 9.7 Stealth
 + Level 1.5 Shields
 + Level 1.5 Unarmed Combat
 + Level 1.5 Spellcasting
 + Level 1.2 Conjurations
 + Level 1.2 Hexes
 + Level 1.2 Summonings
 + Level 1.2 Necromancy
 + Level 1.2 Translocations
 + Level 1.2 Transmutations
 + Level 1.2 Fire Magic
 + Level 1.2 Ice Magic
 + Level 1.2 Air Magic
 + Level 1.2 Earth Magic
 + Level 1.2 Poison Magic
 + Level 1.7 Invocations
 + Level 1.5 Evocations


You had 7 spell levels left.
You didn't know any spells.
Your spell library was empty.

Dungeon Overview and Level Annotations

Branches:
Dungeon (5/15)
 Temple: D:4-7

Altars:
Vehumet


Innate Abilities, Weirdness & Mutations

You have very sharp teeth.
Your uncanny sense of smell can sniff out nearby items.
Your experience applies equally to all skills.


Message History

You are too confused!
You are too confused!
The orc wizard casts a spell.
The orc wizard flickers and vanishes!
Deactivating autopickup; reactivate with Ctrl-A.
You bump into the rock wall.
You bump into the rock wall.
Something hits you.
You are poisoned.
You bump into the rock wall.
You feel sick. Something hits you.
You are more poisoned.
You hit something.
You feel less confused.
You feel very sick.
You hear some strange, mumbled words.
Something tries to affect you, but you resist.
The orc priest calls down the wrath of Beogh upon you.
Something writhes in agony.
Something hits you.
You are more poisoned.
You hit something.
You feel very sick.
The orc priest mumbles some strange prayers to Beogh against you.
Beogh smites you! Something hits you.
You miss something.
* * * LOW HITPOINT WARNING * * *
You feel very sick.
You hear some strange, mumbled words.
You are confused.
You barely miss something.
* * * LOW HITPOINT WARNING * * *
You feel very sick. Something hits you.
* * * LOW HITPOINT WARNING * * *
You are more poisoned.
Something hits you.
* * * LOW HITPOINT WARNING * * *
You are more poisoned.
It was a potion of degeneration.
There was something very wrong with that liquid.
You feel weakened.
You feel dopey.
You feel clumsy.
You die...

###############
#.............#
#.###########@#
###.####### #{#
##..........
#o#
...#..####.#
#S# ..........
.o. ......####
#.# #.##.## #.#
#.##.# #.#
#.##.# #.#


You could see an orc priest, an orc and a ball python.

Vanquished Creatures
  Jessica (D:2)
  Terence (D:2)
  Robin (D:2)
  4 gnolls
  A worm (D:2)
  A dart slug (D:2)
  An orc (D:3)
  3 ball pythons
  3 endoplasms
  A giant cockroach (D:1)
  7 goblins
  8 hobgoblins
  4 jackals (D:3)
  4 kobolds
  2 quokkas
  7 bats
  A frilled lizard (D:1)
  3 rats
53 creatures vanquished.

Notes
Turn   | Place    | Note
-------+----------+-------------------------------------------
     0 | D:5      | Reached skill level 9 in Stealth
     0 | D:5      | Ijustatesigmund the Gnoll Delver began the quest for the
                  | Orb.
     0 | D:5      | Reached XP level 1. HP: 23/23 MP: 1/1
    36 | D:4      | Noticed a scorpion
    48 | D:2      | Noticed Jessica
   583 | D:1      | Reached XP level 2. HP: 27/28 MP: 2/2
  1315 | D:2      | Reached XP level 3. HP: 35/35 MP: 3/3
  1323 | D:2      | Found a radiant altar of Vehumet.
  1374 | D:2      | Reached skill level 1 in Invocations
  1506 | D:2      | Noticed Terence
  1517 | D:2      | Killed Terence
  1518 | D:2      | Reached skill level 1 in Short Blades
  1518 | D:2      | Reached skill level 1 in Long Blades
  1518 | D:2      | Reached skill level 1 in Maces & Flails
  1518 | D:2      | Reached skill level 1 in Polearms
  1518 | D:2      | Reached skill level 1 in Staves
  1518 | D:2      | Reached skill level 1 in Slings
  1518 | D:2      | Reached skill level 1 in Bows
  1518 | D:2      | Reached skill level 1 in Crossbows
  1518 | D:2      | Reached skill level 1 in Throwing
  1518 | D:2      | Reached skill level 1 in Armour
  1518 | D:2      | Reached skill level 1 in Shields
  1518 | D:2      | Reached skill level 1 in Unarmed Combat
  1518 | D:2      | Reached skill level 1 in Spellcasting
  1518 | D:2      | Reached skill level 1 in Evocations
  1518 | D:2      | Reached XP level 4. HP: 40/41 MP: 5/5
  1671 | D:2      | Noticed Robin
  1679 | D:2      | Killed Robin
  1681 | D:2      | Reached skill level 1 in Conjurations
  1681 | D:2      | Reached skill level 1 in Hexes
  1681 | D:2      | Reached skill level 1 in Summonings
  1681 | D:2      | Reached skill level 1 in Necromancy
  1681 | D:2      | Reached skill level 1 in Translocations
  1681 | D:2      | Reached skill level 1 in Transmutations
  1681 | D:2      | Reached skill level 1 in Fire Magic
  1681 | D:2      | Reached skill level 1 in Ice Magic
  1681 | D:2      | Reached skill level 1 in Air Magic
  1681 | D:2      | Reached skill level 1 in Earth Magic
  1681 | D:2      | Reached skill level 1 in Poison Magic
  1856 | D:2      | Killed Jessica
  1857 | D:2      | Reached XP level 5. HP: 43/47 MP: 6/6
  2796 | D:3      | Succumbed to an orc wizard's poison

Illustrated notes

Levels and vault maps discovered:
D:1:      eino_arrival_water_star, layout_basic
D:2:      layout_loops_ring, basic_altar, kennysheep_generic_room_15,
          uniq_jessica, uniq_terence, uniq_robin
D:3:      layout_loops_ring, hangedman_decor_growths, dk_noncrumbling_2
D:4:      layout_cave_pools, serial_column_ruins, column_ruins_circle_small,
          column_ruins_square_large, column_ruins_grid_1,
          column_ruins_open_tiny, column_ruins_grid_4,
          column_ruins_corridor_corner, column_ruins_open_small_water,
          column_ruins_grid_3, minivault_4, kennysheep_small_spiral, uniq_ijyb,
          uniq_grinder
D:5:      layout_loops_cross, gammafunk_temple_overflow_forgotten,
          mainiacjoe_overflow_alcove_4

Skill      XL: |  1  2  3  4 |
---------------+-------------+-----
Stealth        | |  9.7
Invocations    | 1 |  1.7
Short Blades   | 1 |  1.5
Long Blades    | 1 |  1.5
Maces & Flails | 1 |  1.5
Polearms       | 1 |  1.5
Staves         | 1 |  1.5
Slings         | 1 |  1.5
Bows           | 1 |  1.5
Crossbows      | 1 |  1.5
Throwing       | 1 |  1.5
Armour         | 1 |  1.5
Shields        | 1 |  1.5
Unarmed Combat | 1 |  1.5
Spellcasting   | 1 |  1.5
Evocations     | 1 |  1.5
Conjurations   | 1 |  1.2
Hexes          | 1 |  1.2
Summonings     | 1 |  1.2
Necromancy     | 1 |  1.2
Translocations | 1 |  1.2
Transmutations | 1 |  1.2
Fire Magic     | 1 |  1.2
Ice Magic      | 1 |  1.2
Air Magic      | 1 |  1.2
Earth Magic    | 1 |  1.2
Poison Magic   | 1 |  1.2
Fighting       | |  6.7
Axes           | |  4.8
Dodging        | |  4.8

Action                   |  1- 3 |  4- 6 || total
-------------------------+-------+-------++-------
Melee: Hand axe          |    41 |       ||    41
       Bite              |     6 |     8 ||    14
       War axe           |    39 |    78 ||   117
Evoke: Wand              |       |     1 ||     1
  Use: Scroll            |     2 |     2 ||     4
       Potion            |     1 |     3 ||     4
 Stab: Sleeping          |     6 |     1 ||     7
       Distracted        |     1 |       ||     1
Armor: Leather armour    |    11 |       ||    11
       Scale mail        |     5 |       ||     5
       Chain mail        |       |    37 ||    37
       Skin              |       |     4 ||     4
Dodge: Dodged            |    43 |    29 ||    72
Block: Buckler           |    11 |    22 ||    33

Table legend: (Time is in decaauts)
 A = Elapsed time spent in this place.
 B = Non-inter-level travel time spent in this place.
 C = Inter-level travel time spent in this place.
 D = Time resting spent in this place.
 E = Time spent auto-exploring this place.
 F = Levels seen in this place.
 G = Mean time per level.
                   A        B        C        D        E       F      G
               +--------+--------+--------+--------+--------+-----+--------+
         Total |   2823 |   2682 |    141 |    618 |   1471 |   5 |  564.6 |
       Dungeon |   2823 |   2682 |    141 |    618 |   1471 |   5 |  564.6 |
               +--------+--------+--------+--------+--------+-----+--------+

Top non-repeatable levels by time:
     D:1: 1105 daAuts
     D:2: 987 daAuts
     D:3: 689 daAuts
     D:5: 36 daAuts
     D:4: 4 daAuts
